| TOP OF THE 1ST |
|
Tri-City ValleyCats batting - Pitching for Aberdeen Ironbirds : RHP Nick Weirick
|
|
Pitching: RHP Nick Weirick
|
|
|
Batting: RHB Justin Olmstead
|
0-0: Called Strike 0-1: SINGLE (Groundball, 6S, EV 73.8 MPH) (infield hit)
|
|
Batting: SHB Paskar Adegoke
|
0-0: Called Strike 0-1: Foul Ball, location: 2F 0-2: Ball 1-2: Ball 2-2: Ball 3-2: SINGLE (Line Drive, 7S, EV 106.3 MPH) Justin Olmstead to second
|
|
Batting: LHB Vinny Siebecker
|
0-0: Ground out 6-3 (Groundball, P, EV 91.3 MPH) Justin Olmstead to third Paskar Adegoke to second
|
|
Batting: RHB Jordan Williams
|
0-0: Ball 1-0: SINGLE (Groundball, 13S, EV 73.8 MPH) (infield hit)
|
|
Batting: RHB Ramon Castellon
|
0-0: Ball 1-0: Called Strike 1-1: Swinging Strike 1-2: Fly out, F7 (Flyball, 7S, EV 70.6 MPH)
|
|
Batting: LHB Jon Pope
|
0-0: Foul Ball, location: 2F 0-1: Ball 1-1: Fielders Choice at 2nd, 6-4 (Groundball, 56, EV 96.9 MPH)
|
| Top of the 1st over - 0 runs, 3 hits, 0 errors, 3 left on base; Tri-City 0 - Aberdeen 0 |
| BOTTOM OF THE 1ST |
|
Aberdeen Ironbirds batting - Pitching for Tri-City ValleyCats : RHP Chad Curry
|
|
Pitching: RHP Chad Curry
|
|
|
Batting: LHB Shane Free
|
0-0: Foul Ball, location: 2F 0-1: Ground out 5-3 (Groundball, 5L, EV 81.9 MPH)
|
|
Batting: LHB Andrew Erens
|
0-0: Ball 1-0: Ground out 5-3 (Groundball, 56S, EV 71.3 MPH)
|
|
Batting: RHB Edwin Ramos
|
0-0: Ball 1-0: Foul Ball, location: 2F 1-1: Foul Ball, location: 2F 1-2: Strikes out swinging
|
| Bottom of the 1st over - 0 runs, 0 hits, 0 errors, 0 left on base; Tri-City 0 - Aberdeen 0 |
| TOP OF THE 2ND |
|
Tri-City ValleyCats batting - Pitching for Aberdeen Ironbirds : RHP Nick Weirick
|
|
Batting: RHB Evan Fry
|
0-0: Called Strike 0-1: Foul Ball, location: 2F 0-2: Strikes out looking
|
|
Batting: RHB Ruben Pujols
|
0-0: DOUBLE (Line Drive, 8RD, EV 89.4 MPH)
|
|
Batting: RHB Rob Baker
|
0-0: Ball 1-0: Ball 2-0: Ground out 5-3 (Groundball, 56, EV 90.0 MPH)
|
|
Batting: RHB Justin Olmstead
|
0-0: Swinging Strike 0-1: Foul Ball, location: 2F 0-2: Ball 1-2: Ball 2-2: Ball 3-2: Base on Balls
|
|
Batting: SHB Paskar Adegoke
|
0-0: Ball 1-0: Ball 2-0: Swinging Strike 2-1: Foul Ball, location: 2F 2-2: DOUBLE (Line Drive, 3D, EV 94.4 MPH) Ruben Pujols scores Justin Olmstead to third Runner from 3rd tries for Home, SAFE, throw by RF to trailing runner, SAFE at third!
|
|
Batting: LHB Vinny Siebecker
|
0-0: Foul Ball, location: 2F 0-1: Called Strike 0-2: Ball 1-2: Strikes out swinging
|
| Top of the 2nd over - 2 runs, 2 hits, 0 errors, 1 left on base; Tri-City 2 - Aberdeen 0 |
| BOTTOM OF THE 2ND |
|
Aberdeen Ironbirds batting - Pitching for Tri-City ValleyCats : RHP Chad Curry
|
|
Batting: SHB Jorge Brito
|
0-0: Called Strike 0-1: Foul Ball, location: 2F 0-2: Strikes out looking
|
|
Batting: RHB Jordan Wallace
|
0-0: Ball 1-0: Swinging Strike 1-1: Ball 2-1: Foul Ball, location: 2F 2-2: Foul Ball, location: 2F 2-2: Strikes out looking
|
|
Batting: LHB Tim Mulholland
|
0-0: SINGLE (Groundball, 6MD, EV 101.9 MPH)
|
|
Batting: RHB Hunter Neumann
|
0-0: Called Strike 0-1: Called Strike 0-2: Ball Tim Mulholland is caught stealing 2nd base 2-4
|
| Bottom of the 2nd over - 0 runs, 1 hit, 0 errors, 0 left on base; Tri-City 2 - Aberdeen 0 |
| TOP OF THE 3RD |
|
Tri-City ValleyCats batting - Pitching for Aberdeen Ironbirds : RHP Nick Weirick
|
|
Batting: RHB Jordan Williams
|
0-0: Ball 1-0: Ball 2-0: Ground out 6-3 (Groundball, 4M, EV 91.3 MPH)
|
|
Batting: RHB Ramon Castellon
|
0-0: Ball 1-0: Ground out 3-1 (Groundball, 34, EV 104.4 MPH)
|
|
Batting: LHB Jon Pope
|
0-0: Ground out 4-3 (Groundball, 4, EV 105.6 MPH)
|
| Top of the 3rd over - 0 runs, 0 hits, 0 errors, 0 left on base; Tri-City 2 - Aberdeen 0 |
| BOTTOM OF THE 3RD |
|
Aberdeen Ironbirds batting - Pitching for Tri-City ValleyCats : RHP Chad Curry
|
|
Batting: RHB Hunter Neumann
|
0-0: Ball 1-0: Ball 2-0: Ground out 5-3 (Groundball, 15, EV 90.6 MPH)
|
|
Batting: RHB Lee Deason
|
0-0: Ball 1-0: Ground out 5-3 (Groundball, 56S, EV 63.8 MPH)
|
|
Batting: SHB Hugo Moreno
|
0-0: Ground out 5-3 (Groundball, 56, EV 102.5 MPH)
|
| Bottom of the 3rd over - 0 runs, 0 hits, 0 errors, 0 left on base; Tri-City 2 - Aberdeen 0 |
| TOP OF THE 4TH |
|
Tri-City ValleyCats batting - Pitching for Aberdeen Ironbirds : RHP Nick Weirick
|
|
Batting: RHB Evan Fry
|
0-0: Foul Ball, location: 2F 0-1: Fly out, F6 (Line Drive, 6, EV 67.5 MPH)
|
|
Batting: RHB Ruben Pujols
|
0-0: Ball 1-0: Ball 2-0: Ball 3-0: Base on Balls
|
|
Batting: RHB Rob Baker
|
0-0: Ball 1-0: Ball 2-0: Foul Ball, location: 2F 2-1: Swinging Strike 2-2: Foul Ball, location: 2F 2-2: Strikes out swinging
|
|
Batting: RHB Justin Olmstead
|
0-0: Ball 1-0: Ball 2-0: Called Strike 2-1: Ball 3-1: Base on Balls Ruben Pujols to second
|
|
Batting: SHB Paskar Adegoke
|
0-0: Ball 1-0: Ball 2-0: Foul Ball, location: 2F 2-1: Foul Ball, location: 2F 2-2: Ball 3-2: Foul Ball, location: 2F 3-2: Foul Ball, location: 2F 3-2: Ground out U3 (Groundball, 34, EV 88.1 MPH)
|
| Top of the 4th over - 0 runs, 0 hits, 0 errors, 2 left on base; Tri-City 2 - Aberdeen 0 |
| BOTTOM OF THE 4TH |
|
Aberdeen Ironbirds batting - Pitching for Tri-City ValleyCats : RHP Chad Curry
|
|
Batting: LHB Shane Free
|
0-0: Ball 1-0: Ball 2-0: Called Strike 2-1: Foul Ball, location: 2F 2-2: Strikes out looking
|
|
Batting: LHB Andrew Erens
|
0-0: SOLO HOME RUN (Flyball, 7LD, EV 94.4 MPH), Distance : 356 ft
|
|
Batting: RHB Edwin Ramos
|
0-0: Ball 1-0: Ball 2-0: Called Strike 2-1: Fly out, F9 (Flyball, 9S, EV 87.5 MPH)
|
|
Batting: SHB Jorge Brito
|
0-0: Ball 1-0: Reached on error, E1 (Groundball, P, EV 76.3 MPH)
|
|
Batting: RHB Jordan Wallace
|
0-0: Foul Ball, location: 2F 0-1: SINGLE (Line Drive, 9S, EV 90.6 MPH) Jorge Brito to third
|
|
Batting: LHB Tim Mulholland
|
0-0: Foul Ball, location: 2F 0-1: SINGLE (Groundball, 6M, EV 110.6 MPH) (infield hit) Jorge Brito scores Jordan Wallace to second
|
|
Batting: RHB Hunter Neumann
|
0-0: Ball 1-0: Ball 2-0: SINGLE (Line Drive, 7S, EV 105.6 MPH) Jordan Wallace to third Tim Mulholland to second Runner from 3rd tries for Home, SAFE, throw by LF to home
|
|
Batting: RHB Lee Deason
|
0-0: Ball Wild Pitch! Tim Mulholland to third Hunter Neumann to second 1-0: Ground out 6-3 (Groundball, 6, EV 84.4 MPH)
|
| Bottom of the 4th over - 3 runs, 4 hits, 1 error, 2 left on base; Tri-City 2 - Aberdeen 3 |
| TOP OF THE 5TH |
|
Tri-City ValleyCats batting - Pitching for Aberdeen Ironbirds : RHP Nick Weirick
|
|
Batting: LHB Vinny Siebecker
|
0-0: Called Strike 0-1: Foul Ball, location: 2F 0-2: Ball 1-2: Strikes out swinging
|
|
Batting: RHB Jordan Williams
|
0-0: Ball 1-0: Swinging Strike 1-1: Swinging Strike 1-2: Ball 2-2: Ground out 6-3 (Groundball, 6, EV 92.5 MPH)
|
|
Batting: RHB Ramon Castellon
|
0-0: Ball 1-0: Called Strike 1-1: Ball 2-1: Foul Ball, location: 2F 2-2: Strikes out looking
|
| Top of the 5th over - 0 runs, 0 hits, 0 errors, 0 left on base; Tri-City 2 - Aberdeen 3 |
| BOTTOM OF THE 5TH |
|
Aberdeen Ironbirds batting - Pitching for Tri-City ValleyCats : RHP Chad Curry
|
|
Batting: SHB Hugo Moreno
|
0-0: Called Strike 0-1: Ball 1-1: Swinging Strike 1-2: Strikes out swinging
|
|
Batting: LHB Shane Free
|
0-0: Foul Ball, location: 2F 0-1: Reached on error, E5 (Groundball, 56, EV 79.4 MPH)
|
|
Batting: LHB Andrew Erens
|
0-0: Ball Shane Free steals 3rd base 1-0: Called Strike 1-1: Ball 2-1: SINGLE (Groundball, 6MD, EV 98.8 MPH) Shane Free scores
|
|
Batting: RHB Edwin Ramos
|
0-0: Ball 1-0: Called Strike 1-1: Ball 2-1: Swinging Strike 2-2: Strikes out swinging Andrew Erens steals 2nd base Batter strikes out.
|
|
Batting: SHB Jorge Brito
|
0-0: Ball Andrew Erens is caught stealing 3rd base 2-5
|
| Bottom of the 5th over - 1 run, 1 hit, 1 error, 0 left on base; Tri-City 2 - Aberdeen 4 |
| TOP OF THE 6TH |
|
Tri-City ValleyCats batting - Pitching for Aberdeen Ironbirds : RHP Nick Weirick
|
|
Pitching: LHP Josh Binyon
|
|
|
Batting: LHB Jon Pope
|
0-0: Ball 1-0: Ball 2-0: Foul Ball, location: 2F 2-1: SINGLE (Groundball, 34D, EV 107.5 MPH) (infield hit)
|
|
Batting: RHB Evan Fry
|
0-0: Called Strike 0-1: Ball 1-1: Foul Ball, location: 2F 1-2: Strikes out looking
|
|
Batting: RHB Ruben Pujols
|
0-0: Called Strike Jon Pope steals 2nd base 0-1: Ball 1-1: Ball 2-1: Swinging Strike 2-2: Ball 3-2: Base on Balls
|
|
Batting: RHB Rob Baker
|
0-0: Called Strike Jon Pope steals 3rd base (no throw) 0-1: Ball 1-1: Ball 2-1: Ball 3-1: Called Strike 3-2: Base on Balls Ruben Pujols to second
|
|
Batting: RHB Justin Olmstead
|
0-0: Foul Ball, location: 2F 0-1: Swinging Strike 0-2: Strikes out swinging
|
|
Batting: SHB Paskar Adegoke
|
0-0: Fly out, F7 (Flyball, 7D, EV 88.1 MPH)
|
| Top of the 6th over - 0 runs, 1 hit, 0 errors, 3 left on base; Tri-City 2 - Aberdeen 4 |
| BOTTOM OF THE 6TH |
|
Aberdeen Ironbirds batting - Pitching for Tri-City ValleyCats : RHP Chad Curry
|
|
Batting: SHB Jorge Brito
|
0-0: Ball 1-0: Called Strike 1-1: Ball 2-1: SINGLE (Line Drive, 9S, EV 107.5 MPH)
|
|
Batting: RHB Jordan Wallace
|
0-0: Ball 1-0: Ball 2-0: Ball 3-0: Called Strike 3-1: Base on Balls Jorge Brito to second
|
|
Batting: LHB Tim Mulholland
|
0-0: Swinging Strike 0-1: Foul Ball, location: 2F 0-2: Fly out, F9 (Flyball, 9D, EV 91.3 MPH) Runner from 2nd tags up, SAFE at 3rd, no throw by RF
|
|
Batting: RHB Hunter Neumann
|
0-0: Ball 1-0: Called Strike 1-1: Hit by Pitch Jordan Wallace to second
|
|
Batting: RHB Lee Deason
|
0-0: Ball 1-0: Ball 2-0: Grounds into fielders choice 4-2 (Groundball, 4, EV 85.0 MPH) Jordan Wallace to third Hunter Neumann to second
|
|
Batting: SHB Hugo Moreno
|
0-0: Called Strike 0-1: Called Strike 0-2: Ball 1-2: Foul Ball, location: 2F 1-2: Ground out 2-3 (Groundball, 15S, EV 69.4 MPH)
|
| Bottom of the 6th over - 0 runs, 1 hit, 0 errors, 3 left on base; Tri-City 2 - Aberdeen 4 |
| TOP OF THE 7TH |
|
Tri-City ValleyCats batting - Pitching for Aberdeen Ironbirds : LHP Josh Binyon
|
|
Pitching: RHP Jon Juarez
|
|
|
Batting: LHB Vinny Siebecker
|
0-0: Ball 1-0: Called Strike 1-1: Foul Ball, location: 2F 1-2: Strikes out swinging
|
|
Batting: RHB Jordan Williams
|
0-0: Hit by Pitch
|
|
Batting: RHB Ramon Castellon
|
0-0: Called Strike 0-1: Ball 1-1: Foul Ball, location: 2F 1-2: Ball 2-2: DOUBLE (Line Drive, 5D, EV 100.6 MPH) Jordan Williams to third
|
|
Batting: LHB Jon Pope
|
0-0: Called Strike 0-1: Ball 1-1: Foul Ball, location: 2F 1-2: Foul Ball, location: 2F 1-2: Foul Ball, location: 2F 1-2: Fly out, F8 (Flyball, 8LXD, EV 81.9 MPH) Runner from 3rd tags up, SCORES, no throw by CF
|
|
Batting: RHB Evan Fry
|
0-0: Fly out, F1 (Line Drive, P, EV 65.0 MPH)
|
| Top of the 7th over - 1 run, 1 hit, 0 errors, 1 left on base; Tri-City 3 - Aberdeen 4 |
| BOTTOM OF THE 7TH |
|
Aberdeen Ironbirds batting - Pitching for Tri-City ValleyCats : RHP Chad Curry
|
|
Batting: LHB Shane Free
|
0-0: Foul Ball, location: 2F 0-1: Fly out, F8 (Flyball, 8RD, EV 99.4 MPH)
|
|
Batting: LHB Andrew Erens
|
0-0: Ball 1-0: Called Strike 1-1: Foul Ball, location: 2F 1-2: Ball 2-2: Foul Ball, location: 2F 2-2: DOUBLE (Flyball, 8LXD, EV 115.6 MPH)
|
|
Batting: RHB Edwin Ramos
|
0-0: Ball Andrew Erens steals 3rd base 1-0: Ball 2-0: Swinging Strike 2-1: Foul Ball, location: 2F 2-2: Ball 3-2: SINGLE (Flyball, 6D, EV 95.6 MPH) Andrew Erens scores
|
|
Pitching: RHP Jon Davis
|
|
|
Batting: SHB Jorge Brito
|
0-0: Called Strike 0-1: Ball 1-1: Called Strike 1-2: Foul Ball, location: 2F 1-2: Fielders Choice at 2nd, 4-6 (Groundball, 34, EV 84.4 MPH)
|
|
Batting: RHB Jordan Wallace
|
0-0: Called Strike 0-1: Foul Ball, location: 2F 0-2: Strikes out swinging
|
| Bottom of the 7th over - 1 run, 2 hits, 0 errors, 1 left on base; Tri-City 3 - Aberdeen 5 |
| TOP OF THE 8TH |
|
Tri-City ValleyCats batting - Pitching for Aberdeen Ironbirds : RHP Jon Juarez
|
|
Pitching: LHP Roger Farley
|
|
|
Batting: RHB Ruben Pujols
|
0-0: Ball 1-0: Ball 2-0: Called Strike 2-1: Called Strike 2-2: Ball 3-2: Foul Ball, location: 2F 3-2: Ground out 6-3 (Groundball, 6, EV 84.4 MPH)
|
|
Batting: RHB Rob Baker
|
0-0: Ball 1-0: Swinging Strike 1-1: Swinging Strike 1-2: Fly out, F9 (Line Drive, 9, EV 101.3 MPH)
|
|
Batting: RHB Justin Olmstead
|
0-0: Called Strike 0-1: Ball 1-1: Foul Ball, location: 2F 1-2: SINGLE (Line Drive, 7S, EV 113.1 MPH)
|
|
Batting: SHB Paskar Adegoke
|
0-0: Ball 1-0: Foul Ball, location: 2F 1-1: Ball 2-1: Swinging Strike 2-2: Strikes out swinging
|
| Top of the 8th over - 0 runs, 1 hit, 0 errors, 1 left on base; Tri-City 3 - Aberdeen 5 |
| BOTTOM OF THE 8TH |
|
Aberdeen Ironbirds batting - Pitching for Tri-City ValleyCats : RHP Jon Davis
|
|
Batting: LHB Tim Mulholland
|
0-0: Swinging Strike 0-1: Foul Ball, location: 2F 0-2: Ball 1-2: Strikes out swinging
|
|
Batting: RHB Hunter Neumann
|
0-0: Foul Ball, location: 2F 0-1: Called Strike 0-2: Ball 1-2: Ball 2-2: DOUBLE (Line Drive, 7LS, EV 109.4 MPH)
|
|
Batting: RHB Lee Deason
|
0-0: Ball 1-0: SINGLE (Groundball, 25, EV 60.0 MPH) (infield hit) Hunter Neumann to third
|
|
Pitching: RHP Justin Coney
|
|
|
Batting: SHB Hugo Moreno
|
0-0: Called Strike 0-1: Called Strike 0-2: Ball 1-2: Ball 2-2: Ball Lee Deason steals 2nd base 3-2: Base on Balls
|
|
Batting: LHB Shane Free
|
0-0: Ball 1-0: DOUBLE (Groundball, 5L, EV 95.6 MPH) Hunter Neumann scores Lee Deason scores Hugo Moreno to third Runner from 3rd tries for Home, SAFE, throw by LF to home
|
|
Batting: LHB Andrew Erens
|
0-0: Ball Shane Free steals 3rd base 1-0: Ball 2-0: Foul Ball, location: 2F 2-1: Ball 3-1: SINGLE (Flyball, 8LS, EV 93.8 MPH) Shane Free scores
|
|
Batting: RHB Edwin Ramos
|
0-0: Called Strike 0-1: Ball 1-1: Ball Wild Pitch! Andrew Erens to second 2-1: DOUBLE (Groundball, 5L, EV 96.9 MPH) Andrew Erens scores
|
|
Batting: SHB Jorge Brito
|
0-0: Foul Ball, location: 2F 0-1: Ball 1-1: Ball 2-1: Ball 3-1: Base on Balls
|
|
Batting: RHB Jordan Wallace
|
0-0: Foul Ball, location: 2F 0-1: Ball 1-1: Ball 2-1: Ball 3-1: Base on Balls Edwin Ramos to third Jorge Brito to second
|
|
Batting: LHB Tim Mulholland
|
0-0: Swinging Strike 0-1: SINGLE (Line Drive, 6MD, EV 96.3 MPH) Edwin Ramos scores Jorge Brito to third Jordan Wallace to second Runner from 3rd tries for Home, SAFE, throw by CF to home
|
|
Batting: RHB Hunter Neumann
|
0-0: Ball 1-0: Ball 2-0: Swinging Strike 2-1: SINGLE (Groundball, 56D, EV 103.1 MPH) Jordan Wallace to third Tim Mulholland to second Runner from 3rd tries for Home, SAFE, throw by LF to home
|
|
Pitching: RHP Adam Behrens
|
|
|
Batting: RHB Lee Deason
|
0-0: Called Strike 0-1: Ball 1-1: Grounds into double play, 5-4-3 (Groundball, 56S, EV 85.0 MPH)
|
| Bottom of the 8th over - 8 runs, 7 hits, 0 errors, 1 left on base; Tri-City 3 - Aberdeen 13 |
| TOP OF THE 9TH |
|
Tri-City ValleyCats batting - Pitching for Aberdeen Ironbirds : LHP Roger Farley
|
|
Batting: LHB Vinny Siebecker
|
0-0: Foul Ball, location: 2F 0-1: Ball 1-1: Swinging Strike 1-2: Ball 2-2: Strikes out swinging
|
|
Batting: RHB Jordan Williams
|
0-0: Swinging Strike 0-1: Ball 1-1: Called Strike 1-2: Ball 2-2: Fly out, F4 (Popup, 34D, EV 50.6 MPH)
|
|
Batting: RHB Ramon Castellon
|
0-0: Called Strike 0-1: Called Strike 0-2: Strikes out swinging
|
| Top of the 9th over - 0 runs, 0 hits, 0 errors, 0 left on base; Tri-City 3 - Aberdeen 13 |
|